 Dungeon Crawl Stone Soup version 0.25.1-2-g60ff931df9 (webtiles) character file.

Game seed: 16593187636912071947

84 Borneo the Sneak (level 4, -1/27 HPs)
             Began as a Vampire Enchanter on Oct 23, 2020.
             Slain by a worm (8 damage)
             ... on level 3 of the Dungeon.
             The game lasted 00:16:10 (1808 turns).

Borneo the Sneak (Vampire Enchanter)                Turns: 1808, Time: 00:16:11

Health: -1/27      AC:  2    Str:  7    XL:     4   Next: 23%
Magic:  7/7        EV: 13    Int: 17    God:
Gold:   161        SH:  0    Dex: 15    Spells: 1/7 levels left

rFire    . . .     SeeInvis +   a - +1 dagger
rCold    . . .     Gourm    .   (no shield)
rNeg     . . .     Faith    .   b - +0 robe
rPois    +         Spirit   .   (no helmet)
rElec    .         Reflect  .   (no cloak)
rCorr    .         Harm     .   (no gloves)
MR       .....                  (no boots)
Stlth    +++.......             (no amulet)
HPRegen  0.29/turn              h - ring of poison resistance
MPRegen  0.10/turn              (no ring)

@: regenerating quickly
A: no food, fangs 3, see invisible, [frail 1], unbreathing
a: Exsanguinate


You were on level 3 of the Dungeon.
You were alive.

You visited 1 branch of the dungeon, and saw 3 of its levels.

You collected 161 gold pieces.

Inventory:

Hand Weapons
 a - a +1 dagger (weapon)
Armour
 b - a +0 robe (worn)
 i - a +1 helmet of see invisible
Jewellery
 c - a +4 ring of protection {unknown}
 h - a ring of poison resistance (left hand)
Scrolls
 j - a scroll of enchant armour {unknown}
 k - a scroll of amnesia {unknown}
 m - 2 scrolls of remove curse
Potions
 d - 2 potions of lignification
 e - a potion of haste {unknown}
 f - a potion of invisibility {unknown}
 g - 2 potions of cancellation {unknown}
 l - a potion of heal wounds {unknown}
 n - a potion of curing {unknown}


   Skills:
 + Level 0.4 Fighting
 + Level 2.4 Short Blades
 + Level 2.6 Dodging
 + Level 6.0 Stealth
 + Level 2.2 Spellcasting
 + Level 4.9 Hexes


You had one spell level left.
You knew the following spells:

 Your Spells              Type           Power        Failure   Level  Hunger
a - Corona                Hex            ###....      2%          1    N/A
b - Confusing Touch       Hex            ###.....     8%          3    N/A
c - Ensorcelled Hibernat  Hex/Ice        ##....       11%         2    N/A

Your spell library contained the following spells:

 Spells                   Type           Power        Failure   Level  Hunger
 Tukima's Dance           Hex            ###.....     8%          3    N/A
 Dazzling Flash           Conj/Hex       ##....       21%         3    N/A

Dungeon Overview and Level Annotations

Branches:
Dungeon (3/15)

Altars:
Fedhas


Innate Abilities, Weirdness & Mutations

You do not eat.
Your natural rate of healing is unusually fast.
You have razor-sharp teeth.
You have supernaturally acute eyesight. (SInv)
You can survive without breathing.
[You are frail. (-10% HP)]


Message History

You barely miss the worm.
The worm is severely wounded.
The worm closely misses you.
You barely miss the worm.
The worm is heavily wounded.
You hit the worm but do no damage.
The worm is heavily wounded.
The worm barely misses you.
You hit the worm.
The worm is heavily wounded.
You barely miss the worm.
The worm is heavily wounded.
The worm bites you.
* * * LOW HITPOINT WARNING * * *
You hit the worm but do no damage.
The worm is heavily wounded.
You barely miss the worm.
The worm is heavily wounded.
The worm bites you!
You die...

#.####.######.##...#
#)#
#.####...........###
#.#
#.#.....#####.##.##
#^# #.#.....#
#.#.#.########
........#
#..###........
..#.....#
#.#.#.#######.
###.....#
#.##.........
........ #
#[########
####.###.# #@# #.#
.# #w# .# ... .....
#...... #.....?#
#.=....# ###.##..


You could see a worm.

Vanquished Creatures
  5 adders
  An ooze (D:2)
  2 ball pythons
  5 bats
  4 giant cockroaches
  3 goblins
  4 hobgoblins
  5 kobolds
  2 frilled lizards (D:1)
  2 rats (D:1)
33 creatures vanquished.

Notes
Turn   | Place    | Note
-------+----------+-------------------------------------------
     0 | D:1      | Borneo the Vampire Enchanter began the quest for the Orb.
     0 | D:1      | Reached XP level 1. HP: 13/13 MP: 3/3
   187 | D:1      | Reached XP level 2. HP: 15/15 MP: 5/5
   323 | D:1      | Reached skill level 5 in Stealth
   971 | D:2      | Reached XP level 3. HP: 9/21 MP: 6/6
  1210 | D:2      | Learned a level 3 spell: Confusing Touch
  1213 | D:2      | Learned a level 2 spell: Ensorcelled Hibernation
  1483 | D:2      | Reached XP level 4. HP: 27/27 MP: 7/7
  1588 | D:3      | Reached skill level 6 in Stealth
  1741 | D:3      | Found a blossoming altar of Fedhas.
  1808 | D:3      | Slain by a worm

Illustrated notes

Levels and vault maps discovered:
D:1:      giann_horns, layout_rooms, minmay_pentomino_w2
D:2:      layout_loops_ring, first_ration
D:3:      layout_loops_ring, nicolae_overflow_hidden_temple,
          minmay_misc_feat_tiny

Skill      XL: |  1  2  3  4 |
---------------+-------------+-----
Stealth        | 5 6 |  6.0
Short Blades   | 2 |  2.4
Fighting       | |  0.4
Dodging        | |  2.6
Spellcasting   | |  2.2
Hexes          | |  4.9

Action                   |  1- 3 |  4- 6 || total
-------------------------+-------+-------++-------
Melee: Dagger            |    89 |    39 ||   128
       Bite              |     4 |     3 ||     7
 Abil: Exsanguinate      |     1 |       ||     1
       Revivify          |     1 |       ||     1
  Use: Scroll            |     5 |       ||     5
 Stab: Sleeping          |    12 |     2 ||    14
Armor: Robe              |    11 |     1 ||    12
Dodge: Dodged            |    47 |    11 ||    58
